 Dungeon Crawl Stone Soup version 0.32-a0-841-g4648e6c457 (webtiles) character file.

Game seed: 6658762321613087463

168 ragingrage the Grave Robber (level 5, 0/45 HPs)
             Began as a Naga Necromancer on Mar 27, 2024.
             Slain by Edmund
             ... wielding a +2 flail of protection
              (8 damage)
             ... on level 4 of the Dungeon.
             The game lasted 00:04:33 (3218 turns).

ragingrage the Grave Robber (Naga Necromancer)      Turns: 3218, Time: 00:04:34

Health: 0/45       AC:  2    Str: 10    XL:     5   Next: 48%
Magic:  8/8        EV:  9    Int: 17    God:
Gold:   195        SH:  0    Dex: 12    Spells: 1/8 levels left

rFire   + . .        r - +1 great mace (drain)
rCold   + . .        (shield currently unavailable)
rNeg    . . .        e - +0 robe
rPois   +            (no helmet)
rElec   +            (no cloak)
rCorr   +            (no gloves)
SInv    +            (no barding)
Will    .....        (no amulet)
Stlth   ++           (no ring)
HPRegen 0.27/turn    (no ring)
MPRegen 0.11/turn

%: no passive effects
@: resistant, very slow
A: AC +1, large, see invisible, deformed body, poison resistance, slowness 2,
spit poison 1, naga tail 1
a: Spit Poison


You were on level 4 of the Dungeon.
You visited 1 branch of the dungeon, and saw 4 of its levels.

You collected 195 gold pieces.

Inventory:

Hand Weapons
 a - a +2 mace of protection
 b - a +2 dagger of venom
 d - a +0 dagger
 r - a +1 great mace of draining (weapon)
Missiles
 l - 5 poisoned darts
 o - a throwing net
Armour
 e - a +0 robe (worn)
 k - the +0 ring mail of Pupsar {Harm rN+}
   (You found it on level 2 of the Dungeon)

   rN+:       It protects you from negative energy.
   Harm:      It increases damage dealt and taken.
Jewellery
 i - a ring of willpower
Scrolls
 c - 3 scrolls of identify {unknown}
 f - 2 scrolls of enchant armour {unknown}
 g - a scroll of noise {unknown}
 h - 2 scrolls of teleportation {unknown}
 j - a scroll of poison {unknown}
Potions
 n - 2 potions of magic
 p - a potion of attraction {unknown}
 q - a potion of curing


   Skills:
 + Level 1.7 Fighting
 * Level 2.1 Maces & Flails
 - Level 1.9 Dodging
 - Level 4.0 Stealth
 - Level 2.2 Spellcasting
 + Level 5.1 Necromancy


You had one spell level left.
You knew the following spells:

 Your Spells              Type           Power      Damage    Failure   Level
a - Necrotise             Necr           76%        1d7       2%          1
b - Fugue of the Fallen   Necr           19%        N/A       7%          3
c - Vampiric Draining     Necr           19%        2d7       7%          3

Your spell library contained the following spells:

 Spells                   Type           Power      Damage    Failure   Level
 Animate Dead             Necr           19%        N/A       22%         4
 Inner Flame              Hex/Fire       1%         N/A       50%         3
 Ozocubu's Armour         Ice            1%         N/A       50%         3
 Curse of Agony           Necr           19%        N/A       54%         5
 Flame Wave               Conj/Fire      1%         2d4       88%         4
 Manifold Assault         Tloc           1%         N/A       88%         4
 Sticky Flame             Fire/Alch      1%         2d4       88%         4


Dungeon Overview and Level Annotations

Branches:
Dungeon (4/15)
 Temple: D:4-7

Altars:
Ashenzari
Elyvilon
Makhleb
The Shining One

Annotations:
D:3 exclusion: door
D:4 Edmund


Innate Abilities, Weirdness & Mutations

Your serpentine skin is tough. (AC +1)
You have supernaturally acute eyesight. (SInv)
Armour fits poorly on your strangely shaped body.
Your system is resistant to poisons. (rPois)
You cover ground very slowly.
You can spit poison.
You have a snake-like lower body.


Message History

Unknown command.
Aiming: Spit Poison (1% risk of failure)
Press: ? - help, Shift-Dir - straight line, f - Edmund
Aim: Edmund, wielding a +2 flail of protection and wearing a +0 chain mail (70% to hit)
The splash of poison hits the bat.
The bat barely misses you.
You miss the bat.
You hear the slow rusting of a drain nearby.
The bat closely misses you. The bat hits you but does no damage. x2
The bat barely misses you.
You barely miss the bat. The bat hits you but does no damage.
The bat closely misses you. x2
You hit the bat but do no damage. You drain the bat.
You kill the bat!
Edmund barely misses you.
You hit Edmund but do no damage.
You have got your breath back.
Edmund hits you with a +2 flail of protection.
Edmund hits you with a +2 flail of protection!
You hit Edmund but do no damage.
Edmund hits you with a +2 flail of protection!
You barely miss Edmund. Edmund barely misses you. Edmund misses you.
You hit Edmund but do no damage. You drain Edmund. Edmund barely misses you.
You hit Edmund but do no damage. You drain Edmund.
Edmund hits you with a +2 flail of protection.
Edmund misses you.
You barely miss Edmund.
Edmund hits you with a +2 flail of protection!
Edmund barely misses you.
You barely miss Edmund. Edmund closely misses you.
You closely miss Edmund.
Edmund hits you with a +2 flail of protection.
Edmund barely misses you.
You hit Edmund but do no damage. You drain Edmund.
Edmund hits you with a +2 flail of protection!
* * * LOW HITPOINT WARNING * * *
It was a potion of resistance.
You feel protected.
Edmund hits you with a +2 flail of protection!
You die...
Edmund says, "I'd like to see a scythe do that!"

#.. ...$.# #.# #.....
#.# #....# # ##.# ... ..
#.##..# #.# @# #
#.#.#.####.# >#
#.##..........##.#
#...##........@@g#
###...#..#########......
#...........# .....
#.#...#..##.### ...>
#....##..##...# ##.
#.### #..##...# # #
#.......# #.###...#
#.......#


You could see Edmund (very drained) and a goblin.

Vanquished Creatures
  A jelly (D:3)
  A gnoll (D:3)
  4 adders
  4 ribbon worms
  A dart slug (D:1)
  2 orcs (D:3)
  5 ball pythons
  9 bats
  6 endoplasms
  4 giant cockroaches
  7 goblins
  8 hobgoblins
  2 jackals (D:1)
  7 kobolds
  5 frilled lizards
  3 rats
69 creatures vanquished.

Vanquished Creatures (collateral kills)
  A dart slug (D:1)
  A ball python (D:2)
  A frilled lizard (D:1)
  A kobold (D:1)
  A rat (D:1)
5 creatures vanquished.

Grand Total: 74 creatures vanquished

Notes
Turn   | Place    | Note
-------+----------+-------------------------------------------
     0 | D:1      | ragingrage the Naga Necromancer began the quest for the
                  | Orb.
     0 | D:1      | Reached XP level 1. HP: 15/15 MP: 3/3
   160 | D:1      | Reached XP level 2. HP: 22/22 MP: 3/5
   530 | D:1      | Reached XP level 3. HP: 22/28 MP: 1/6
  1045 | D:1      | Found a faded altar of an unknown god.
  1131 | D:2      | Found a white marble altar of Elyvilon.
  1419 | D:2      | You fall into a shaft and drop 1 floor!
  1505 | D:2      | Reached XP level 4. HP: 29/36 MP: 0/7
  1974 | D:2      | Identified the +0 ring mail of Pupsar {Harm rN+}
  2133 | D:3      | Reached skill level 5 in Necromancy
  2190 | D:3      | Reached skill level 1 in Fighting
  2190 | D:3      | Reached skill level 1 in Maces & Flails
  2248 | D:3      | Found a burning altar of Makhleb.
  2350 | D:3      | Found a broken altar of Ashenzari.
  2489 | D:3      | Reached XP level 5. HP: 24/44 MP: 8/8
  2715 | D:3      | Noticed an ogre
  3010 | D:3      | Found a glowing golden altar of the Shining One.
  3168 | D:4      | Learned a level 3 spell: Fugue of the Fallen
  3172 | D:4      | Learned a level 3 spell: Vampiric Draining
  3202 | D:4      | Noticed Edmund
  3218 | D:4      | Slain by Edmund

Illustrated notes

Levels and vault maps discovered:
D:1:      tarquinn_simple_flora_water_d, layout_rooms,
          shapermc_ecumenical_altar_mp_vishouse
D:2:      layout_rooms, basic_altar
D:3:      layout_rooms, nicolae_ashenzari_skybound,
          mainiacjoe_overflow_tiny_flanked, old_standard_altar,
          grunt_ministairs_13, st_stairs_13, minmay_misc_feat_hallway,
          minmay_divided_ellipse
D:4:      layout_loops_ring, ebering_ghost_rock_garden, portal_sewer_entry_d,
          hangedman_abyss_or_decor_jellyfish_corner,
          chequers_serial_rivers_micro_b, uniq_edmund

Skill      XL: |  1  2  3  4  5 |
---------------+----------------+-----
Stealth        | 4 |  4.0
Necromancy     | 5 |  5.1
Fighting       | 1 |  1.7
Maces & Flails | 1 2 |  2.1
Dodging        | |  1.9
Spellcasting   | |  2.2

Action                     |  1- 3 |  4- 6 || total
---------------------------+-------+-------++-------
  Melee: Unarmed           |     9 |       ||     9
         Dagger            |    27 |       ||    27
         Mace              |       |    75 ||    75
         Great mace        |       |    22 ||    22
   Cast: Necrotise         |    62 |    35 ||    97
Ability: Spit Poison       |     2 |     7 ||     9
    Use: Potion            |     2 |     1 ||     3
   Stab: Sleeping          |       |     1 ||     1
 Armour: Robe              |    69 |    84 ||   153
         Skin              |     4 |       ||     4
  Dodge: Dodged            |    59 |    80 ||   139

Table legend: (Time is in decaauts)
 A = Elapsed time spent in this place.
 B = Non-inter-level travel time spent in this place.
 C = Inter-level travel time spent in this place.
 D = Time resting spent in this place.
 E = Time spent auto-exploring this place.
 F = Levels seen in this place.
 G = Mean time per level.
                   A        B        C        D        E       F      G
               +--------+--------+--------+--------+--------+-----+--------+
         Total |   3882 |   3664 |    218 |    726 |   2186 |   4 |  970.5 |
       Dungeon |   3882 |   3664 |    218 |    726 |   2186 |   4 |  970.5 |
               +--------+--------+--------+--------+--------+-----+--------+

Top non-repeatable levels by time:
     D:1: 1513 daAuts
     D:3: 1283 daAuts
     D:2: 966 daAuts
     D:4: 118 daAuts
